 Dungeon Crawl Stone Soup version 0.28.0-45-g0d030f2227 (webtiles) character file.

Game seed: 754107016836024990

37 101zpm the Magician (level 3, 0/26 HPs)
             Began as a Djinni Ice Elementalist on Apr 12, 2022.
             Slain by an adder skeleton (2 damage)
             ... on level 4 of the Dungeon.
             The game lasted 00:03:47 (2056 turns).

101zpm the Magician (Djinni Ice Elementalist)       Turns: 2056, Time: 00:03:48

Health: 0/26       AC:  2    Str:  7    XL:     3   Next: 62%
Gold:   59         EV: 12    Int: 18    God:
                   SH:  0    Dex: 13

rFire   + + .      SeeInvis .   (no weapon)
rCold   x . .      Faith    .   (no shield)
rNeg    . . .      Spirit   .   a - +0 robe
rPois   ∞          Reflect  .   (no helmet)
rElec   .          Harm     .   (no cloak)
rCorr   .          Rampage  .   (no gloves)
Will    .....                   (boots unavailable)
Stlth   ++........              (no amulet)
HPRegen 0.08/turn               (no ring)
MPRegen 0.00/turn               (no ring)

@: flying
A: sickness immunity, fire resistance 2, cold vulnerability 1, float, innate
caster, HP casting, extra vitality 1
a: no special abilities


You were on level 4 of the Dungeon.
You visited 1 branch of the dungeon, and saw 4 of its levels.

You collected 59 gold pieces.

Inventory:

Armour
 a - a +0 robe (worn)
Jewellery
 g - an amulet of magic regeneration
Scrolls
 b - 2 scrolls of teleportation {unknown}
 d - a scroll of magic mapping {unknown}
 f - a scroll of immolation {unknown}
Potions
 c - a potion of haste {unknown}
 e - a potion of heal wounds {unknown}


   Skills:
 + Level 0.3 Fighting
 + Level 2.4 Dodging
 + Level 1.9 Stealth
 + Level 0.1 Unarmed Combat
 + Level 3.8 Spellcasting


You couldn't memorise any spells.
You knew the following spells:

 Your Spells              Type           Power      Damage    Failure   Level
a - Freeze                Ice            68%        1d8       3%          1
b - Frozen Ramparts       Ice            34%        1d5       10%         3
c - Ozocubu's Armour      Ice            17%        N/A       10%         3
d - Hailstorm             Conj/Ice       17%        3d6       30%         4
e - Animate Skeleton      Necr           34%        N/A       3%          1
Your spell library was empty.

Dungeon Overview and Level Annotations

Branches:
Dungeon (4/15)
 Temple: D:4-7

Altars:
Okawaru

Annotations:
D:2 Terence


Innate Abilities, Weirdness & Mutations

You are immune to sickness and miasma.
You are immune to poison.
Your flesh is very heat resistant. (rF++)
You are vulnerable to cold. (rC-)
You float through the air rather than walking.
You learn spells naturally, not from books.
Your magical power is your life essence.
You have superior vitality. (+4 MHP)


Message History

The adder skeleton completely resists.
* * * LOW HITPOINT WARNING * * *
The adder skeleton resists.
The wall freezes the adder skeleton.
The adder skeleton bites you but does no damage.
Aiming: Freeze (safe; 3% risk of failure)
Press: ? - help, Q - select action, (/) - cycle Shift-Dir - straight line, f/p - adder skeleton
Aim: an adder skeleton (severely damaged)
You freeze the adder skeleton.
The adder skeleton resists.
The adder skeleton is almost destroyed.
* * * LOW HITPOINT WARNING * * *
The adder skeleton completely resists.
The wall freezes the adder skeleton but does no damage.
The adder skeleton barely misses you.
The adder skeleton resists.
The wall freezes the adder skeleton.
The adder skeleton misses you.
Aiming: Freeze (safe; 3% risk of failure)
Press: ? - help, Q - select action, (/) - cycle Shift-Dir - straight line, f/p - adder skeleton
Aim: an adder skeleton (almost destroyed)
You freeze the adder skeleton but do no damage.
The adder skeleton completely resists.
* * * LOW HITPOINT WARNING * * *
The adder skeleton completely resists.
The wall freezes the adder skeleton but does no damage.
The adder skeleton barely misses you.
Aiming: Freeze (safe; 3% risk of failure)
Press: ? - help, Q - select action, (/) - cycle Shift-Dir - straight line, f/p - adder skeleton
Aim: an adder skeleton (almost destroyed)
You freeze the adder skeleton but do no damage.
The adder skeleton completely resists.
* * * LOW HITPOINT WARNING * * *
The frozen ramparts melt away.
The adder skeleton bites you.
* * * LOW HITPOINT WARNING * * *
Aiming: Freeze (safe; 3% risk of failure)
Press: ? - help, Q - select action, (/) - cycle Shift-Dir - straight line, f/p - adder skeleton
Aim: an adder skeleton (almost destroyed)
You freeze the adder skeleton but do no damage.
The adder skeleton completely resists.
* * * LOW HITPOINT WARNING * * *
The adder skeleton closely misses you. The adder skeleton bites you.
You die...

...............#
.......>.......#
..)............######
+#########+##...#...#
.......'.......#
.......#.......#
.......#.......#
..##...#.......# +
#...#...@...#
######+##Z..#
##..##..##...#
#............#
#.......##...#
######..##...#
##'##...# ...#...#
....#...#


You could see an adder skeleton.

Vanquished Creatures
  An adder (D:2)
  A dart slug (D:4)
  An endoplasm (D:2)
  A giant cockroach (D:2)
  3 goblins
  A hobgoblin (D:1)
  A quokka (D:1)
  5 ball pythons
  6 frilled lizards
  5 kobolds
  4 rats
29 creatures vanquished.

Notes
Turn   | Place    | Note
-------+----------+-------------------------------------------
     0 | D:1      | 101zpm the Djinni Ice Elementalist began the quest for the
                  | Orb.
     0 | D:1      | Reached XP level 1. HP: 15/15 MP: 0/0
   708 | D:1      | Reached XP level 2. HP: 20/21 MP: 0/0
  1251 | D:2      | Reached XP level 3. HP: 13/25 MP: 0/0
  1251 | D:2      | Learned a level 1 spell: Animate Skeleton
  1501 | D:2      | Noticed Terence
  1786 | D:3      | Found an iron altar of Okawaru.
  2056 | D:4      | Slain by an adder skeleton

Illustrated notes

Levels and vault maps discovered:
D:1:      matt_arrival_grand_opening, layout_loops_cross, grunt_decor_arrowhead
D:2:      layout_basic, uniq_terence
D:3:      layout_basic, mainiacjoe_overflow_surrounded_room,
          gammafunk_ghost_arena
D:4:      layout_gridville

Action                   || total
-------------------------++-------
Melee: Unarmed           ||    25
 Cast: Freeze            ||    52
       Frozen Ramparts   ||     2
 Stab: Sleeping          ||     1
Armor: Robe              ||     4
Dodge: Dodged            ||    38
